Map: Jagannatha LE

Players

mrkisawsome

  • Race: Terran Terran
  • League: Master
  • Spawn Location: 1:00

ViBE - Winner!

  • Race: Protoss Protoss
  • League: Gold
  • Spawn Location: 7:00

VOD

Have the link to the VOD?

Description

Time

  • Played on: March 21, 2021, 10:45 p.m.
  • Length: 10:38
Show
View Real Time Build Order
Export as new Build Order

mrkisawsome Terran 

Build Orders: Reaper Expand 

Get SALT Encoding   

  12  0:00  SCV  
  13  0:13  SCV  
  14  0:17  Supply Depot  
  14  0:25  SCV  
  15  0:38  SCV  
  15  0:40  Barracks  
  16  0:50  Refinery, SCV  
  17  1:03  SCV  
  18  1:11  Refinery  
  18  1:16  SCV  
  19  1:34  Orbital Command  
  19  1:37  Reaper  
  20  1:57  Command Center  
  20  2:10  Supply Depot  
  20  2:20  SCV  
  21  2:30  Factory  
  21  2:57  SCV  
  22  3:05  Barracks Reactor  
  22  3:09  SCV, Orbital Command  
  23  3:17  Bunker  
  23  3:21  SCV  
  24  3:46  SCV x2  
  26  3:52  Starport, Marine x2  
  28  3:58  SCV x2, Supply Depot  
  30  4:06  Factory Tech Lab  
  30  4:10  SCV x2  
  30  4:13  Marine x2  
  34  4:22  SCV  
  34  4:23  Refinery, SCV  
  36  4:25  Siege Tank  
  36  4:28  Starport Tech Lab  
  39  4:31  Marine x2  
  39  4:32  Barracks  
  39  4:35  Barracks  
  39  4:36  SCV x2  
  43  4:42  Supply Depot  
  43  4:49  Marine x2  
  45  4:56  Starport Reactor  
  45  5:04  Factory Tech Lab  
  45  5:18  Marine x2  
  47  5:29  Engineering Bay  
  47  5:31  Engineering Bay  
  47  5:32  Marine  
  47  5:33  Marine  
  52  5:35  Siege Tank  
  52  5:36  Marine x2, Medivac  
  52  5:37  Medivac  
  52  5:38  SCV x2  
  60  5:50  SCV x2  
  62  6:20  Supply Depot  
  62  6:22  Supply Depot  
  62  6:24  Marine x3, Medivac x2  
  62  6:25  SCV  
  70  6:28  Terran Infantry Armor Level 1, Terran Infantry Weapons Level 1, Supply Depot x2  
  70  6:41  SCV, Marine, Siege Tank  
  70  6:42  Marine  
  70  6:45  Marine x2  
  78  6:59  Marine  
  78  7:00  Marine  
  79  7:02  Marine  
  79  7:03  Marine  
  81  7:08  Medivac x2  
  81  7:13  Siege Tank  
  88  7:17  Marine  
  88  7:18  Marine  
  88  7:20  Marine  
  88  7:21  Marine, Combat Shield  
  88  7:22  Stimpack  
  92  7:33  SCV x2  
  92  7:34  Marine  
  95  7:41  Barracks  
  95  7:43  Barracks  
  95  7:44  Ghost Academy  
  95  7:48  Siege Tank  
  95  7:49  Medivac  
  95  7:50  Medivac  
  102  8:10  Missile Turret  
  102  8:16  Supply Depot x2  
  102  8:17  Enhanced Shockwaves  
  102  8:28  Supply Depot  
  102  8:29  Supply Depot  
  102  8:35  Barracks Reactor  
  102  8:36  Barracks Reactor  
  102  8:37  Marine x2, Ghost x2  
  108  8:42  Armory  
  108  8:55  Marine x2  
  110  9:16  Marine x4  
  114  9:37  Siege Tank  
  117  9:38  Medivac  
  117  9:39  Marine, Medivac  
  117  9:40  Marine x7  
  91  9:57  Marine  
  66  9:58  Marine x5  
Show
View Real Time Build Order
Export as new Build Order

ViBE Protoss - Winner!

Build Orders: 1 Gate Expand, Archon Immortal 

Get SALT Encoding   

  12  0:00  Probe  
  13  0:13  Probe  
  14  0:21  Pylon  
  14  0:25  Probe  
  15  0:39  Probe  
  15  0:41  Gateway  
  16  0:48  Assimilator  
  16  0:51  Probe (Chrono Boost)  
  17  1:03  Probe (Chrono Boost)  
  18  1:12  Probe (Chrono Boost)  
  18  1:18  Probe  
  20  1:28  Nexus  
  20  1:30  Probe  
  21  1:38  Cybernetics Core  
  21  1:42  Probe  
  22  1:51  Assimilator  
  22  1:54  Probe  
  22  1:55  Pylon  
  23  2:14  Probe (Chrono Boost)  
  24  2:16  Stalker  
  24  2:18  Warp Gate  
  26  2:27  Probe (Chrono Boost)  
  26  2:29  Pylon  
  27  2:35  Probe (Chrono Boost)  
  28  2:41  Probe x2 (Chrono Boost)  
  27  2:53  Probe (Chrono Boost)  
  27  2:54  Probe (Chrono Boost), Sentry  
  31  3:00  Probe x2 (Chrono Boost)  
  33  3:07  Probe  
  33  3:08  Probe, Robotics Facility  
  33  3:09  Gateway  
  35  3:19  Probe (Chrono Boost)  
  36  3:21  Probe (Chrono Boost)  
  36  3:23  Stalker  
  39  3:31  Probe (Chrono Boost)  
  41  3:37  Probe (Chrono Boost)  
  41  3:38  Pylon  
  41  3:40  Probe (Chrono Boost)  
  41  3:44  Probe  
  42  3:49  Probe  
  43  3:56  Probe  
  43  4:00  Observer  
  43  4:02  Nexus  
  45  4:03  Pylon  
  45  4:07  Probe  
  45  4:08  Probe, Stalker x2  
  51  4:21  Probe x2, Immortal  
  57  4:26  Assimilator  
  57  4:28  Assimilator  
  57  4:30  Pylon  
  57  4:34  Stalker  
  57  4:35  Probe  
  57  4:36  Probe  
  61  4:40  Stalker  
  63  4:48  Probe x2  
  65  5:00  Probe x2  
  67  5:09  Immortal  
  67  5:11  Stalker x2  
  67  5:13  Probe x2  
  77  5:15  Probe  
  78  5:25  Probe (Chrono Boost)  
  78  5:26  Twilight Council, Forge  
  79  5:29  Probe x2 (Chrono Boost)  
  79  5:30  Forge  
  82  5:37  Probe (Chrono Boost), Pylon  
  82  5:40  Probe x2 (Chrono Boost)  
  84  5:42  Probe (Chrono Boost)  
  84  5:44  Probe x2 (Chrono Boost)  
  87  5:50  Immortal  
  87  5:51  Probe  
  87  5:55  Probe x2  
  94  6:00  Pylon  
  94  6:02  Pylon  
  93  6:04  Charge  
  93  6:05  Pylon  
  93  6:09  Protoss Ground Weapons Level 1 (Chrono Boost), Protoss Ground Armor Level 1 (Chrono Boost), Stalker x2  
  93  6:10  Probe  
  93  6:11  Probe x2  
  100  6:18  Pylon  
  100  6:23  Pylon  
  100  6:24  Probe x3  
  103  6:33  Zealot x2  
  103  6:34  Immortal  
  111  6:44  Probe  
  111  6:45  Probe x2, Assimilator x2  
  113  6:51  Nexus  
  113  6:54  Pylon  
  113  6:58  Probe x2  
  113  6:59  Probe  
  116  7:07  Zealot x2  
  120  7:12  Templar Archives  
  120  7:14  Gateway  
  120  7:15  Gateway  
  120  7:16  Gateway  
  120  7:18  Gateway  
  120  7:19  Probe x3  
  123  7:25  Immortal  
  123  7:28  Zealot  
  123  7:29  Zealot  
  131  7:35  Gateway  
  131  7:36  Gateway  
  131  7:37  Probe x2  
  131  7:38  Probe  
  134  7:49  Zealot  
  134  7:50  Zealot  
  134  7:51  Probe x3  
  141  8:03  Probe x3  
  144  8:10  High Templar x5  
  154  8:12  High Templar  
  154  8:13  Nexus  
  154  8:14  Archon x2  
  154  8:15  Pylon  
  154  8:16  Archon  
  154  8:18  Pylon  
  156  8:20  Assimilator  
  156  8:23  Assimilator  
  156  8:25  Pylon  
  156  8:26  Pylon  
  156  8:30  Immortal  
  156  8:33  Zealot x2  
  164  8:45  Zealot  
  164  8:46  Zealot x5  
  176  9:07  High Templar x4  
  176  9:08  Zealot x2, Nexus  
  176  9:09  Zealot x2  
  192  9:10  Pylon  
  192  9:12  Archon x2  
  192  9:13  Pylon  
  192  9:35  Zealot x4  
  200  9:43  Immortal  
  200  9:51  High Templar x3  
  200  9:52  High Templar  
  186  10:03  Zealot x4  
Tags
 
Add a new tag
Caveats
  • Supply blocks, unpowered buildings, or Contaminate may cause inaccurate times.
  • Supply counts are checked every 10 seconds.